 Dungeon Crawl Stone Soup version 0.18-a0-884-gb6cfd45 (webtiles) character file.

622 M4edhros the Sneak (level 7, 0/44 HPs)
             Began as an Octopode Artificer on Dec 22, 2015.
             Killed from afar by an orc wizard (13 damage)
             ... with a puff of flame
             ... on level 5 of the Dungeon.
             The game lasted 00:07:27 (2950 turns).

M4edhros the Sneak (Octopode Artificer)             Turns: 2950, Time: 00:07:27

Health: 0/44       AC:  1    Str: 10    XL:     7   Next: 46%
Magic:  19/19      EV: 13    Int: 16    God:
Gold:   162        SH:  4    Dex: 13    Spells: 2 memorised, 6 levels left

rFire  . . .     SeeInvis .     C - +8 spear "Beastbane" {speed, MP+9 Stlth+}
rCold  . . .     Gourm    .     (no shield)
rNeg   . . .     Faith    .     (helmet restricted)
rPois  .         Spirit   .     n - +4 amulet of reflection
rElec  .         Dismiss  .     h - ring of sustain attributes
rCorr  .         Reflect  +     (no ring)
SustAt +         Harm     .     (no ring)
MR     .....                    (no ring)
Stlth  +++++.....               (no ring)
                                (no ring)
                                (no ring)
                                (no ring)

@: not resistant to hostile enchantments, quite stealthy
A: almost no armour, amphibious, 8 rings, constrict 8, camouflage 1, gelatinous
body 1
a: no special abilities


You were on level 5 of the Dungeon.
You were not hungry.

You visited 1 branch of the dungeon, and saw 5 of its levels.

You collected 162 gold pieces.

Inventory:

Hand Weapons
 a - a +2 quarterstaff of chaos
 i - a +0 hunting sling
 u - a +0 blowgun
 v - a +0 short sword of speed
 C - the +8 spear "Beastbane" (weapon) {speed, MP+9 Stlth+}
   (You found it on level 4 of the Dungeon)

   Attacks with this weapon are significantly faster.
   It affects your magic capacity (+9).
   It makes you more stealthy.
Missiles
 s - 52 stones (quivered)
 x - 14 poisoned needles
Jewellery
 h - a ring of sustain attributes (left tentacle)
 n - a +4 amulet of reflection (around mantle)
Wands
 b - a wand of flame (12/48)
 c - a wand of enslavement (12/24)
 d - a wand of random effects (11/48)
 F - a wand of magic darts (34/48)
Scrolls
 e - a scroll of fog {unknown}
 g - a scroll of recharging {unknown}
 j - 4 scrolls of identify
 l - a scroll of magic mapping {unknown}
 m - 2 scrolls of teleportation {unknown}
 r - a scroll of immolation {unknown}
 w - a scroll of amnesia
Potions
 k - a potion of brilliance {unknown}
 q - 2 potions of lignification {unknown}
 t - 2 potions of curing
 z - a potion of haste {unknown}
 A - a potion of mutation {unknown}
 B - 2 potions of heal wounds {unknown}
 E - a potion of invisibility {unknown}
Books
 y - a book of Conjurations

   Spells                             Type                      Level
   a - Magic Dart                     Conjuration                  1
   b - Searing Ray                    Conjuration                  2
   c - Dazzling Spray                 Conjuration/Hexes            3
   d - Fulminant Prism                Conjuration/Hexes            4
   e - Iskenderun's Mystic Blast      Conjuration                  4
   f - Iskenderun's Battlesphere      Conjuration/Charms           5
 G - a Necronomicon

   Spells                             Type                      Level
   a - Haunt                          Necromancy/Summoning         7
   b - Borgnjor's Revivification      Necromancy                   8
   c - Death's Door                   Charms/Necromancy            8
   d - Necromutation                  Transmutation/Necromancy     8
Comestibles
 f - 3 bread rations
 o - 2 meat rations
 p - 2 slices of pizza
 D - a royal jelly


   Skills:
 + Level 1.7 Fighting
 - Level 1.0 Short Blades
 * Level 1.5 Polearms
 + Level 3.2 Slings
 + Level 3.6 Dodging
 + Level 4.6 Stealth
 + Level 2.4 Spellcasting
 + Level 2.4 Conjurations
 + Level 4.2 Evocations


You had 6 spell levels left.
You knew the following spells:

 Your Spells              Type           Power        Failure   Level  Hunger
a - Magic Dart            Conj           #...         10%         1    #......
b - Dazzling Spray        Conj/Hex       #.......     38%         3    ###....


Dungeon Overview and Level Annotations

Branches:
Dungeon (5/15)
 Temple: D:4-7

Altars:
Elyvilon
Nemelex Xobeh
Vehumet
The Shining One


Innate Abilities, Weirdness & Mutations

You cannot wear most types of armour.
You are amphibious.
You can wear up to eight rings at the same time.
You can use your tentacles to constrict eight enemies at once.
Your skin changes colour to match your surroundings (Stealth).
Your rubbery body absorbs attacks (AC +1).


Message History

You start resting.
A jackal comes into view.
A jackal is nearby!
What do you say? t - Shout!
Orders for allies: a - Attack new target. r - Retreat! s - Stop attacking. w - Wait here. f - Follow me.
Anything else - Stay silent.
Gang up on whom?
Press: ? - help, Dir - move target cursor, f - jackal
Aim: a jackal (hasn't noticed you) Attack!
The jackal barks!
The orc wizard is no longer charmed.
You can no longer detect the orc wizard.
A puff of flame appears from out of thin air!
Deactivating autopickup; reactivate with Ctrl-A.
The puff of flame hits you!
You die...

#..# #.#
##..#.#####.#########
....h...............#
#..(###.......####.#
##.............####.#
...$...........)..#.#
...............##.#.#
##............##.#.#
.....###@......##.#.#
.### #.########.#.# #.#
#........# #.#
#.####.### #.###.###.#
#.#
#.......#.####.#######
.######.................
........#.#.####.#######
.#######..#.# #.#


You could see a jackal.

Vanquished Creatures
  3 ogres
  A crimson imp (D:4)
  Crazy Yiuf (D:3)
  A hound (D:4)
  A jelly (D:5)
  An iguana (D:5)
  3 worker ants
  2 orc wizards (D:4)
  4 adders
  2 worms
  3 giant geckos
  6 orcs
  A ball python (D:3)
  A giant cockroach (D:5)
  3 hobgoblins
  2 kobolds (D:3)
  2 quokkas (D:3)
  A bat (D:1)
  2 giant gecko skeletons (D:4)
  A giant newt (D:1)
  2 goblins
  A jackal skeleton (D:5)
  A rat (D:1)
45 creatures vanquished.

Vanquished Creatures (collateral kills)
  2 orcs (D:5)
  A jackal (D:5)
3 creatures vanquished.

Vanquished Creatures (others)
  An orc (D:4)
1 creature vanquished.

Grand Total: 49 creatures vanquished

Notes
Turn   | Place    | Note
--------------------------------------------------------------
     0 | D:1      | M4edhros the Octopode Artificer began the quest for the Orb.
     0 | D:1      | Reached XP level 1. HP: 13/13 MP: 3/3
   532 | D:2      | Reached XP level 2. HP: 18/18 MP: 4/4
   573 | D:2      | Reached skill level 1 in Slings
   698 | D:3      | Reached XP level 3. HP: 23/23 MP: 5/5
   748 | D:3      | Noticed Crazy Yiuf
   756 | D:3      | Killed Crazy Yiuf
   791 | D:3      | Reached XP level 4. HP: 28/28 MP: 6/6
   794 | D:3      | Found a sparkling altar of Nemelex Xobeh.
  1085 | D:4      | Learned a level 1 spell: Magic Dart
  1291 | D:4      | Found a glowing golden altar of the Shining One.
  1298 | D:4      | Noticed an ogre
  1318 | D:4      | Killed an ogre
  1318 | D:4      | Reached skill level 1 in Spellcasting
  1318 | D:4      | Reached skill level 1 in Conjurations
  1318 | D:4      | Reached XP level 5. HP: 9/33 MP: 7/7
  1892 | D:4      | Reached skill level 4 in Stealth
  1892 | D:4      | Reached XP level 6. HP: 21/38 MP: 8/8
  2081 | D:4      | Found a radiant altar of Vehumet.
  2682 | D:4      | Got an ivory spear
  2683 | D:4      | Identified the +8 spear "Beastbane" {speed, MP+9 Stlth+} (You found it on level 4 of the Dungeon)
  2777 | D:5      | Entered Level 5 of the Dungeon
  2779 | D:5      | Found a white marble altar of Elyvilon.
  2865 | D:5      | Reached XP level 7. HP: 43/43 MP: 10/10
  2868 | D:5      | Reached skill level 1 in Polearms
  2877 | D:5      | Learned a level 3 spell: Dazzling Spray
  2950 | D:5      | Killed from afar by an orc wizard

Vault maps used:
D:1:      dpeg_arrival_long_road, grunt_decor_arrowhead
D:2:      lemuel_doored_altar, first_bread
D:3:      lemuel_crystal_altar, uniq_crazy_yiuf_cottage
D:4:      kennysheep_mini_moat, vehumet_crystals
D:5:      old_standard_altar, basic_altar

Action                   |  1- 3 |  4- 6 |  7- 9 || total
-------------------------+-------+-------+-------++-------
Melee: Short sword       |    28 |    77 |       ||   105
       Spear             |       |    12 |    17 ||    29
 Fire: Blowgun           |       |     6 |       ||     6
 Cast: Magic Dart        |       |     4 |       ||     4
Evoke: Wand              |     3 |     5 |     2 ||    10
  Use: Scroll            |       |     1 |       ||     1
       Potion            |       |     1 |       ||     1
 Stab: Sleeping          |     7 |     9 |       ||    16
  Eat: Chunk             |       |     6 |       ||     6
